 Dungeon Crawl Stone Soup version 0.21.1 (webtiles) character file.

704 hpc the Shield-Bearer (level 7, -1/56 HPs)
             Began as a Formicid Fighter on Feb 2, 2018.
             Killed by divine providence
             ... invoked by an orc priest
              (16 damage)
             ... on level 4 of the Dungeon.
             The game lasted 00:04:12 (3102 turns).

hpc the Shield-Bearer (Formicid Fighter)            Turns: 3102, Time: 00:04:13

Health: -1/56      AC: 11    Str: 21    XL:     7   Next: 99%
Magic:  7/7        EV:  6    Int:  8    God:
Gold:   179        SH: 10    Dex: 13    Spells: 6/6 levels left

rFire    . . .     SeeInvis +   a - +0 war axe
rCold    . . .     Gourm    .   c - +0 shield
rNeg     . . .     Faith    .   j - +0 chain mail
rPois    .         Spirit   .   (helmet unavailable)
rElec    .         Reflect  .   (no cloak)
rCorr    .         Harm     .   (no gloves)
MR       .....                  (no boots)
Stlth    ..........             (no amulet)
HPRegen  0.18/turn              (no ring)
MPRegen  0.10/turn              (no ring)

@: lethally poisoned (-1 -> -3)
A: permanent stasis, dig shafts and tunnels, four strong arms, antennae 3,
molten scales 1, thin skeletal structure 1, mutation resistance 1
a: Dig, Shaft Self


You were on level 4 of the Dungeon.
You were not hungry.

You visited 1 branch of the dungeon, and saw 4 of its levels.

You collected 179 gold pieces.

Inventory:

Hand Weapons
 a - a +0 war axe (weapon)
Missiles
 r - 8 javelins (quivered)
Armour
 c - a +0 shield (worn)
 j - a +0 chain mail (worn)
Jewellery
 n - an uncursed ring of protection from magic {unknown}
Wands
 u - a wand of random effects (24)
Scrolls
 e - a scroll of blinking {unknown}
 h - 3 scrolls of teleportation {unknown}
 i - 5 scrolls of identify {unknown}
 l - a scroll of noise {unknown}
 o - a scroll of enchant weapon {unknown}
 p - 2 scrolls of remove curse {unknown}
 t - a scroll of fear {unknown}
 v - a scroll of amnesia {unknown}
 w - a scroll of enchant armour {unknown}
Potions
 d - 2 potions of mutation
 g - a potion of lignification
 k - a potion of heal wounds
 m - a potion of agility {unknown}
 q - 2 potions of curing {unknown}
Comestibles
 f - 6 rations


   Skills:
 + Level 5.1 Fighting
 * Level 5.4 Axes
 + Level 5.1 Armour
 + Level 5.7 Shields


You had 6 spell levels left.
You didn't know any spells.

Dungeon Overview and Level Annotations

Branches:
Dungeon (4/15)
 Temple: D:4-7

Altars:
Ashenzari
Nemelex Xobeh

Annotations:
D:4 Natasha


Innate Abilities, Weirdness & Mutations

You cannot be hasted, slowed, berserked, paralysed or teleported.
You can dig through walls and to a lower floor.
Your four strong arms can wield two-handed weapons with a shield.
You have a pair of large antennae on your head. (SInv)
You are partially covered in molten scales. (AC +2)
You have a somewhat thin skeletal structure. (Dex +2, Stealth)
You are somewhat resistant to further mutation.


Message History

Beogh smites you!
* * * LOW HITPOINT WARNING * * *
You closely miss the shadow imp.
You feel sick. The shadow imp barely misses you.
You hit the shadow imp.
The shadow imp is heavily wounded.
Natasha wildly gestures.
You feel troubled. You block the shadow imp's attack.
You closely miss the shadow imp.
The shadow imp is heavily wounded.
You feel sick. The shadow imp barely misses you.
Natasha howls an incantation.
You feel disoriented.
You barely miss the shadow imp.
The shadow imp is heavily wounded.
The shadow imp hits you but does no damage.
The orc priest invokes the aid of Beogh against you.
Beogh smites you!
You die...

.. #.... ####.
# .......
#.####... .#
#######
#......#..# #
#oJ[>.# #
#.####5##.##.#
#
#....Oah{.....
#
######5#######
#@# ##########
#.# #.........
#.# #.##....#.
#.# #.#.....#.
#.# #.#.......
#.# #.#.....#.
#.# #.##.....<
#.# #.######..
#.# #.#######.


You could see an ogre, a worker ant, an orc priest, Natasha, an ooze and 2
shadow imps.

Vanquished Creatures
  Grinder (D:3)
  The ghost of Monsterracer the Ruffian, an amateur DrAM (D:4)
  The ghost of Zorot the Chopper, an amateur HOMo (D:3)
  A scorpion (D:4)
  A hound (D:4)
  2 worker ants (D:4)
  Robin (D:4)
  A gnoll (D:1)
  8 adders
  An adder skeleton (D:2)
  A worm (D:3)
  5 dart slugs
  A leopard gecko (D:1)
  6 orcs
  2 giant cockroaches
  8 goblins
  7 hobgoblins
  8 kobolds
  2 quokkas (D:3)
  2 ball pythons
  5 bats
  3 frilled lizards (D:2)
  12 rats
80 creatures vanquished.

Notes
Turn   | Place    | Note
-------+----------+-------------------------------------------
     0 | D:1      | hpc the Formicid Fighter began the quest for the Orb.
     0 | D:1      | Reached XP level 1. HP: 18/18 MP: 1/1
   128 | D:1      | Reached XP level 2. HP: 21/24 MP: 2/2
   182 | D:1      | Reached XP level 3. HP: 12/29 MP: 3/3
   714 | D:1      | Found a sparkling altar of Nemelex Xobeh.
   894 | D:2      | Found a shattered altar of Ashenzari.
   914 | D:2      | Reached XP level 4. HP: 29/37 MP: 4/4
  1384 | D:3      | Noticed Zorot's ghost (amateur HOMo)
  1396 | D:3      | Killed Zorot's ghost
  1396 | D:3      | Reached XP level 5. HP: 10/42 MP: 5/5
  1783 | D:3      | Reached XP level 6. HP: 41/48 MP: 6/6
  2423 | D:4      | Reached skill level 5 in Shields
  2446 | D:4      | Noticed Robin
  2452 | D:4      | Noticed Grinder
  2477 | D:4      | Killed Robin
  2509 | D:3      | Gained mutation: You have a somewhat thin skeletal structure. (Dex +2, Stealth) [potion of mutation]
  2509 | D:3      | Gained mutation: You are somewhat resistant to further mutation. [potion of mutation]
  2509 | D:3      | Gained mutation: You are partially covered in molten scales. (AC +2) [potion of mutation]
  2542 | D:3      | Killed Grinder
  2542 | D:3      | Reached skill level 5 in Axes
  2542 | D:3      | Reached XP level 7. HP: 49/55 MP: 7/7
  2802 | D:4      | Noticed Monsterracer's ghost (amateur DrAM)
  2837 | D:4      | Killed Monsterracer's ghost
  2837 | D:4      | Reached skill level 5 in Fighting
  2837 | D:4      | Reached skill level 5 in Armour
  3089 | D:4      | Noticed Natasha
  3102 | D:4      | Killed from afar by an orc priest

Skill      XL: |  1  2  3  4  5  6  7 |
---------------+----------------------+-----
Shields        | 4 5 |  5.7
Axes           | 3 5 |  5.4
Fighting       | 4 5 |  5.1
Armour         | 4 5 |  5.1

Action                   |  1- 3 |  4- 6 |  7- 9 || total
-------------------------+-------+-------+-------++-------
Melee: War axe           |   104 |   231 |    45 ||   380
  Use: Potion            |       |     5 |       ||     5
  Eat: Chunk             |       |     6 |     2 ||     8
Armor: Scale mail        |     2 |       |       ||     2
       Chain mail        |    70 |    97 |    22 ||   189
       Skin              |       |    12 |       ||    12
Dodge: Dodged            |    22 |    64 |    13 ||    99
Block: Shield            |    66 |   121 |    34 ||   221
